← All builds
Beach sea / Legion / Economy first / OBSERVED BUILD

Standard beach sea

Legion Beach sea build order · Supreme Isthmus

Builds a shipyard early, gets a Syracusia out fast to contest or scout enemy sea entry, then expands into an Advanced Metal Extractor and more navy over the first 15 minutes.

Usually shipyard first (80%)

#naval #eco · 46 distinct matches · 24 players · 74% of Legion Beach sea games · team won 41% of 46 · Recently observed

HOW TO PLAY IT

Key timing: Shipyard by 2:06

  1. Take mex and wind while queuing the shipyard early.
  2. Get the shipyard up before 3:24 to start naval production.
  3. Add Argonaut and Iapetus to back up the early push.
  4. Push out a Syracusia fast to contest or scout enemy sea.
  5. Transition to T2 with an advanced mex as navy expands.

Phase by phase

TYPICAL OF ITS 46 GAMES
  1. 1
  2. 2
  3. 3
PLAY THE OPENING

Follow the example game's first 6:00 step by step: what to build now, what comes next, and where it goes. At 1× it keeps pace with your own game.

  1. 1

    Up to the Shipyard

    Economy
    • Metal Extractor3Mex
    • Wind Turbine3Wind
    • Wind Turbine2Windfor allies
    • Energy Storage1Energy storage
    Order
    1. ShipyardShipyard after 3 mex, 3 wind, 1 energy storagedone ~1:57, middle half 1:44–2:22

    By 1:40 in all: 3 mex · 3 wind · 1 energy storage

    The example game in this phase · 6 steps
    1. Mex ×3
    2. Windfor Air
    3. Wind
    4. Wind ×2for Air
    5. PharosPharos
    6. ShipyardShipyarddone 1:47 · typical 1:57
  2. 2

    Shipyard to 5:00

    Economy
    • Metal Extractor4Mex
    • Tidal Generator2Tidal
    Builders
    • Construction Ship2 Con ship
    Army
    • Argonaut1 Argonaut
    • Iapetus1 Iapetus
    • Syracusia1 Syracusia
    Other
    • Naval Radar / Sonar Tower1 Naval Radar / Sonar Tower

    Some games also: wind (48%) · Stheno (48%) · Hippocampus (46%) · Legion Drone (46%)

    By 5:00 in all: 8 mex · 4 wind · 2 tidal · 1 energy storage

    The example game in this phase · 29 steps
    1. Construction ShipCon ship
    2. Wind
    3. IapetusIapetus
    4. Wind ×2
    5. Mex
    6. Wind
    7. Tidal
    8. Construction ShipCon ship
    9. HippocampusHippocampus
    10. Mex
    11. HippocampusHippocampus ×2
    12. Mex
    13. HippocampusHippocampus
    14. Tidal
    15. HippocampusHippocampus
    16. Mex
    17. Tidal
    18. SyracusiaSyracusiadone 4:52 · typical 4:52
    19. Tidal
    20. Mex ×2
    21. PharosPharos
    22. Naval Radar / Sonar TowerNaval Radar / Sonar Tower
    23. Wind
    24. Mex
    25. SthenoStheno
    26. PharosPharos
    27. Wind
    28. Legion DroneLegion Drone
    29. ArgonautArgonaut
  3. 3

    5:00 to 10:00

    Economy
    • Metal Extractor2Mex
    Builders
    • Dionysus1 Dionysus
    Army
    • Stheno1 Stheno
    • Legion Drone6 Legion Drone
    • Argonaut2 Argonaut
    • Syracusia2 Syracusia
    • Iapetus1 Iapetus
    Other
    • Naval Radar / Sonar Tower2 Naval Radar / Sonar Tower

    Some games also: Pharos (46%) · wind (43%) · con ship (43%) · tidal (35%) · wind (33%)

    By 10:00 in all: 9 mex · 7 wind · 4 tidal · 1 energy storage

    The example game in this phase · 105 steps
    1. PharosPharos
    2. Naval Construction Turret
    3. Legion DroneLegion Drone
    4. PharosPharos
    5. Wind
    6. ArgonautArgonaut
    7. PolybolosPolybolos
    8. EuryaleEuryale
    9. Wind
    10. ArgonautArgonaut
    11. Wind
    12. IapetusIapetus
    13. Radar TowerRadar Tower
    14. BrambleBramble
    15. SyracusiaSyracusia
    16. Wind
    17. Con turret
    18. Legion DroneLegion Drone
    19. DionysusDionysus
    20. Legion DroneLegion Drone
    21. Construction ShipCon ship
    22. DionysusDionysus
    23. Legion DroneLegion Drone
    24. ArgonautArgonaut
    25. SthenoStheno
    26. Con turret
    27. ArgonautArgonaut
    28. Naval Radar / Sonar TowerNaval Radar / Sonar Tower
    29. Shark's TeethShark's Teeth ×3
    30. Legion DroneLegion Drone ×2
    31. Naval Construction Turret
    32. Shark's TeethShark's Teeth ×2
    33. ArgonautArgonaut
    34. Shark's TeethShark's Teeth ×2
    35. SthenoStheno
    36. Legion DroneLegion Drone ×2
    37. KeteaSubmarine
    38. Advanced Metal ExtractorT2 mexdone 10:30
    39. IapetusIapetus
    40. Legion DroneLegion Drone
    41. Wind
    42. SyracusiaSyracusia
    43. Naval Radar / Sonar TowerNaval Radar / Sonar Tower
    44. Naval Construction Turret
    45. Wind
    46. PolybolosPolybolos ×3
    47. Wind ×2
    48. Legion DroneLegion Drone
    49. Advanced Metal ExtractorT2 mex
    50. Wind
    51. Legion DroneLegion Drone ×2
    52. DionysusDionysus
    53. Legion DroneLegion Drone
    54. Wind
    55. Legion DroneLegion Drone
    56. DionysusDionysus
    57. Legion DroneLegion Drone
    58. Wind
    59. Advanced Metal ExtractorT2 mex
    60. Wind
    61. ArgonautArgonaut
    62. Legion DroneLegion Drone ×2
    63. ArgonautArgonaut
    64. Wind
    65. ArgonautArgonaut
    66. KeteaSubmarine
    67. Wind ×2
    68. IapetusIapetus
    69. Wind
    70. SyracusiaSyracusia
    71. Wind
    72. Advanced Metal ExtractorT2 mex
    73. Legion DroneLegion Drone
    74. ArgonautArgonaut
    75. Naval Construction Turret
    76. Wind
    77. ArgonautArgonaut
    78. Naval Construction Turret
    79. Legion DroneLegion Drone
    80. ArgonautArgonaut
    81. Wind
    82. KeteaSubmarine
    83. Wind
    84. ArgonautArgonaut
    85. IapetusIapetus
    86. Wind
    87. SyracusiaSyracusia
    88. Wind ×2
    89. Legion DroneLegion Drone
    90. Wind
    91. ArgonautArgonaut
    92. Wind
    93. ArgonautArgonaut
    94. Wind
    95. DionysusDionysus
    96. Legion DroneLegion Drone
    97. Wind
    98. Naval Construction Turret
    99. Legion DroneLegion Drone
    100. Wind
    101. SyracusiaSyracusia
    102. Legion DroneLegion Drone
    103. Advanced ShipyardAdvanced Shipyardnot finished by 15:00
    104. DionysusDionysus
    105. ArgonautArgonaut

Counts are medians over the build's games: half of them build more, half fewer. The example game is JesterB's (33 OS, 24/09/2026); pick another.

Team trades

IN AT LEAST 30% OF ITS GAMES

You hand over

  • Wind Turbine3 Wind to Airfirst at 1:59 · in 67% of games

You get

  • Finch1 Finch from Airfirst at 2:02 · in 41% of games
  • Lazarus1 Lazarus from Geofirst at 2:20 · in 35% of games
  • Construction Bot1 Con bot from Geofirst at 2:28 · in 39% of games
  • Legion Construction Bot1 Legion Construction Bot from Geo or Air or Geo seafirst at 2:44 · in 35% of games
  • Advanced Construction Bot1 T2 con bot from Techfirst at 7:40 · in 74% of games

How it plays out

Typical game of this build, running totals by minute

Metal produced

010k20k30k
0:005:0010:0015:00

metal

Enemy metal destroyed

02.5k5k7.5k
0:005:0010:0015:00

metal

Own metal lost

02.5k5k7.5k
0:005:0010:0015:00

metal

46 games.

Show as table
ByMetal produced: This buildEnemy metal destroyed: This buildOwn metal lost: This build
1:0039800
2:0093100
3:00156600
4:00246900
5:0036577968
6:004949353230
7:006312963420
8:0077181389853
9:00911116391178
10:001085927771878
11:001289736332619
12:001518143793601
13:001804250204403
14:002019957574914
15:002288865226315
WHAT THE NUMBERS SAY

Standard beach sea has the weakest win rate here, with own metal lost outpacing enemy metal destroyed by 15:00.

  • + Early Syracusia by 4:43 gives fast sea presence to contest entry.
  • − Team wins only 38% of games, own metal lost (5105) nearly matches enemy destroyed (6441).
THE EXAMPLE YOU ARE READING

JesterB

32.5 OS · 24/09/2026

Open source match ↗

7 received units · includes a constructor
607 metal received · 22548 energy received

Allied construction assistance is unknown. Timings are observations, not a promise of solo reproducibility.

Typical milestones

Shipyard1:57Middle 50%: 1:44–2:22 · n=46
Syracusia4:52Middle 50%: 4:23–5:49 · n=38
Advanced Metal Extractor9:39Middle 50%: 9:03–10:09 · n=33

Played most by

Rysica5games of this buildJesterB4games of this buildNFX_Scurvy4games of this buildAdeus3games of this buildEpicTyrannus3games of this build